 Dungeon Crawl Stone Soup version 0.23.2-1-ga50397a (webtiles) character file.

Game seed: 3172648251405747507

3624 Kairos the Grappler (level 10, -4/77 (79) HPs)
             Began as a Ghoul Monk on Apr 22, 2019.
             Killed from afar by a manticore (15 damage)
             ... with a volley of spikes
             ... on level 8 of the Dungeon.
             The game lasted 00:17:40 (7162 turns).

Kairos the Grappler (Ghoul Monk)                    Turns: 7162, Time: 00:17:40

HP:   -4/77 (79)    AC: 10    Str: 19    XL:     10   Next: 11%
MP:   10/10         EV: 12    Int:  5    God:
Gold: 389           SH:  4    Dex: 15    Spells: 9/9 levels left

rFire    . . .     SeeInvis .     - Unarmed
rCold    + + .     Gourm    .   v - +0 buckler
rNeg     + + +     Faith    .   i - +1 ring mail
rPois    ∞         Spirit   .   y - +2 hat
rElec    .         Reflect  .   G - +0 cloak
rCorr    .         Harm     .   (no gloves)
MR       .....                  (no boots)
Stlth    ++........             (no amulet)
HPRegen  0.00/turn              e - +4 ring of dexterity
MPRegen  0.12/turn              p - ring of protection from cold (curse)

@: barbed spikes, rotting
A: rotting body, claws 1, carnivore, cold resistance 1, negative energy
resistance 3, inhibited regeneration, torment resistance, unbreathing
a: no special abilities


You were on level 8 of the Dungeon.
You were not hungry.

You visited 2 branches of the dungeon, and saw 9 of its levels.

You collected 524 gold pieces.
You spent 135 gold pieces at shops.

Inventory:

Hand Weapons
 x - a +2 flail of protection
 E - a +0 quarterstaff
Missiles
 k - 11 tomahawks (quivered)
 K - a throwing net
Armour
 a - a +0 robe
 i - a +1 ring mail (worn)
 v - a +0 buckler (worn)
 y - a +2 hat (worn)
 G - a +0 cloak (worn)
 I - a +0 shield
Jewellery
 e - a +4 ring of dexterity (left claw)
 p - a cursed ring of protection from cold (right claw)
 r - an uncursed ring of wizardry
 w - an uncursed ring of fire {unknown}
Wands
 g - a wand of digging (6)
 L - a wand of polymorph (5)
Scrolls
 d - 2 scrolls of immolation
 f - 9 scrolls of fog
 m - 5 scrolls of remove curse
 n - a scroll of vulnerability
 o - a scroll of fear
 q - 3 scrolls of enchant armour
 s - a scroll of magic mapping
 u - a scroll of noise {unknown}
 A - a scroll of enchant weapon
 D - a scroll of silence {unknown}
 F - a scroll of amnesia
 M - a scroll of teleportation {unknown}
Potions
 c - 3 potions of agility
 h - a potion of mutation {unknown}
 j - 4 potions of curing
 l - a potion of magic {unknown}
 t - 2 potions of heal wounds {unknown}
 z - 2 potions of invisibility {unknown}
 B - a potion of might {unknown}
 C - a potion of degeneration {unknown}
Comestibles
 b - 14 rations


   Skills:
 + Level 4.2 Fighting
 + Level 0.3 Throwing
 + Level 4.1 Armour
 + Level 4.1 Dodging
 + Level 4.3 Stealth
 + Level 1.6 Shields
 * Level 12.8 Unarmed Combat
 + Level 2.0 Evocations


You had 9 spell levels left.
You didn't know any spells.
Your spell library was empty.

Dungeon Overview and Level Annotations

Branches:
Dungeon (8/15)             Temple (1/1) D:4
   Lair: D:8-11

Altars:
Cheibriados
Dithmenos
Elyvilon
Fedhas
Gozag
Hepliaklqana
Kikubaaqudgha
Makhleb
Nemelex Xobeh
Okawaru
Qazlal
Ru
Sif Muna
Trog
Uskayaw
Vehumet
Wu Jian
Xom
Yredelemnul
Zin
The Shining One

Shops:
D:5 =(*   D:8 *


Innate Abilities, Weirdness & Mutations

Your body is rotting away.
You thrive on raw meat.
You are immune to poison.
You have sharp fingernails.
You are carnivorous and can eat meat at any time.
Your flesh is cold resistant. (rC+)
You are immune to negative energy. (rN+++)
You do not regenerate when monsters are visible.
You are immune to unholy pain and torment.
You can survive without breathing.


Message History

Aim: a komodo dragon (lightly wounded, chance to defeat MR: 34%)
The komodo dragon easily resists.
The komodo dragon bites you.
* * * LOW HITPOINT WARNING * * *
Search for what [? for help]? altar You feel your flesh rotting away.
You feel your flesh rotting away. You block the komodo dragon's attack.
Evoke which item? (* to show all) (? for menu, Esc to quit)
Aiming: Polymorph
Press: ? - help, Shift-Dir - straight line, f/p - komodo dragon
Aim: a komodo dragon (chance to defeat MR: 34%)
The komodo dragon evaporates and reforms as a manticore!
The manticore bites you but does no damage.
The manticore claws you!
* * * LOW HITPOINT WARNING * * *
The manticore barely misses you.
The manticore flicks its tail.
The volley of spikes hits you!
The barbed spikes become lodged in your body.
You die...

.#.#.##.#.#..##############
#....
..........................#
####.
.#.#.##.#.#..##############
#. #...###......# ### #.
##.####.#.##.# #.###.
#............# #.....
..#####.##.### ##.### #.#
#.##.##################.# #
#.#
#.......H.@.............# #
..#
####.##.###.############# #
### #.##.# #.# # #.##.# #.#
#.##.# #.# #....# #.#
###### #.. ###


You could see a manticore.

Vanquished Creatures
  A hippogriff (D:7)
  Sigmund (D:4)
  A spriggan (D:8)
  A wyvern (D:8)
  Edmund (D:4)
  3 sky beasts
  2 orc warriors
  A black bear (D:7)
  Purgy (D:3)
  An ice beast (D:6)
  2 ogres
  A necrophage (D:5)
  2 centaurs (D:6)
  A big kobold (D:7)
  5 bullfrogs
  3 scorpions
  5 killer bees (D:6)
  3 howler monkeys (D:5)
  2 crimson imps
  2 bullfrog zombies
  A quasit (D:7)
  An orc wizard (D:3)
  A hound (D:6)
  A jelly (D:8)
  Jessica (D:2)
  4 iguanas
  7 worker ants
  3 gnolls (D:8)
  5 adders
  8 river rats (D:5)
  An ooze (D:1)
  An adder skeleton (D:6)
  5 worms
  A dart slug (D:2)
  2 leopard geckos (D:1)
  18 orcs
  7 giant cockroaches
  7 goblins
  4 hobgoblins
  14 jackals
  11 quokkas
  11 bats
  4 frilled lizards
  A jackal skeleton (D:5)
  14 kobolds
  A quokka skeleton (D:7)
  A quokka zombie (D:6)
  15 rats
189 creatures vanquished.

Notes
Turn   | Place    | Note
-------+----------+-------------------------------------------
     0 | D:1      | Kairos the Ghoul Monk began the quest for the Orb.
     0 | D:1      | Reached XP level 1. HP: 19/19 MP: 0/0
   145 | D:1      | Reached XP level 2. HP: 24/26 MP: 1/1
   502 | D:1      | Reached XP level 3. HP: 26/31 MP: 2/2
   728 | D:1      | Reached skill level 4 in Unarmed Combat
   810 | D:2      | Noticed Jessica
   819 | D:2      | Killed Jessica
   819 | D:2      | Reached XP level 4. HP: 35/40 MP: 3/3
   855 | D:2      | Found a basalt altar of Yredelemnul.
  1048 | D:2      | Noticed an ogre
  1055 | D:2      | Killed an ogre
  1055 | D:2      | Reached skill level 5 in Unarmed Combat
  1055 | D:2      | Reached XP level 5. HP: 46/46 MP: 4/4
  1195 | D:2      | Found a blossoming altar of Fedhas.
  1502 | D:3      | Found a stormy altar of Qazlal.
  1528 | D:3      | Reached skill level 6 in Unarmed Combat
  1571 | D:3      | Reached XP level 6. HP: 48/52 MP: 5/5
  1662 | D:3      | Noticed Purgy
  1674 | D:3      | Killed Purgy
  1894 | D:3      | Reached skill level 7 in Unarmed Combat
  1995 | D:3      | Reached skill level 1 in Armour
  2007 | D:3      | Found an opulent altar of Gozag.
  2190 | D:4      | Noticed Edmund
  2236 | D:4      | Killed Edmund
  2236 | D:4      | Reached XP level 7. HP: 49/58 MP: 6/6
  2309 | D:4      | Noticed Sigmund
  2314 | D:4      | Killed Sigmund
  2314 | D:4      | Reached skill level 8 in Unarmed Combat
  2444 | D:4      | Found a staircase to the Ecumenical Temple.
  2459 | Temple   | Entered the Ecumenical Temple
  3013 | D:4      | Reached XP level 8. HP: 48/66 MP: 7/7
  3199 | D:5      | Entered Level 5 of the Dungeon
  3216 | D:5      | Reached skill level 1 in Evocations
  3228 | D:5      | Found Ypsymoik's Assorted Antiques.
  3234 | D:5      | Bought a runed copper ring for 135 gold pieces
  3352 | D:5      | Reached skill level 9 in Unarmed Combat
  3366 | D:5      | Found Leisymur's Antique Weapon Boutique.
  3471 | D:5      | Found a shimmering altar of Xom.
  3537 | D:5      | Found Utzeuc's Jewellery Shoppe.
  4018 | D:5      | Reached skill level 10 in Unarmed Combat
  4501 | D:6      | Reached XP level 9. HP: 63/70 MP: 9/9
  4577 | D:6      | Found a glowing golden altar of the Shining One.
  4617 | D:6      | Found a burning altar of Makhleb.
  4617 | D:6      | Noticed an Executioner
  4779 | D:6      | Reached skill level 11 in Unarmed Combat
  4866 | D:6      | Found a sacrificial altar of Ru.
  5044 | D:6      | Found a hide-covered altar of Uskayaw.
  5486 | D:7      | Found a radiant altar of Vehumet.
  5486 | D:7      | Found a glowing silver altar of Zin.
  5570 | D:7      | Reached skill level 1 in Shields
  5578 | D:7      | Found an iron altar of Okawaru.
  5898 | D:7      | Reached skill level 12 in Unarmed Combat
  6187 | D:7      | Found a bloodstained altar of Trog.
  6785 | D:8      | Reached XP level 10. HP: 59/79 MP: 10/10
  6851 | D:8      | Found Intena's Assorted Antiques.
  7161 | D:8      | Noticed a manticore
  7161 | D:8      | a komodo dragon changed into a manticore
  7162 | D:8      | Killed from afar by a manticore

Skill      XL: |  1  2  3  4  5  6  7  8  9 10 |
---------------+-------------------------------+-----
Dodging        | 3 4 |  4.1
Unarmed Combat | 4 5 6 7 8 10 12 | 12.8
Armour         | 1 2 3 4 |  4.1
Stealth        | 3 4 |  4.3
Evocations     | 1 2 |  2.0
Fighting       | 4 |  4.2
Shields        | 1 |  1.6
Throwing       | |  0.3

Action                   |  1- 3 |  4- 6 |  7- 9 | 10-12 || total
-------------------------+-------+-------+-------+-------++-------
Melee: Unarmed           |    67 |   159 |   320 |    17 ||   563
       Punch             |       |     2 |       |       ||     2
Throw: Tomahawk          |       |       |     6 |       ||     6
Evoke: Wand              |       |     7 |    12 |     3 ||    22
  Use: Scroll            |     4 |     4 |     2 |     2 ||    12
 Stab: Sleeping          |     3 |       |     4 |     1 ||     8
       Paralysed         |       |       |     2 |       ||     2
       Distracted        |       |       |     2 |       ||     2
  Eat: Chunk             |     9 |     8 |    26 |       ||    43
Armor: Robe              |     3 |       |       |       ||     3
       Ring mail         |     7 |    45 |    63 |     4 ||   119
Dodge: Dodged            |    44 |    95 |   130 |     5 ||   274
Block: Buckler           |       |     2 |    36 |     1 ||    39
